 Dungeon Crawl Stone Soup version 0.28.0-53-g5a82cb258f (webtiles) character file.

Game seed: 798535789599481073

59 cbfl8 the Skirmisher (level 4, -4/37 HPs)
             Began as a Formicid Abyssal Knight on Nov 29, 2022.
             Was a Believer of Lugonu.
             Splashed by a jelly's acid (7 damage)
             ... on level 6 of the Dungeon.
             The game lasted 00:03:24 (2068 turns).

cbfl8 the Skirmisher (Formicid Abyssal Knight)      Turns: 2068, Time: 00:03:25

Health: -4/37      AC: 10    Str: 19    XL:     4   Next: 22%
Magic:  6/6        EV:  7    Int: 10    God:    Lugonu [**....]
Gold:   150        SH:  0    Dex: 11    Spells: 3/3 levels left

rFire   . . .      SeeInvis +   h - +2 falchion (holy)
rCold   . . .      Faith    .   (no shield)
rNeg    . . .      Spirit   .   f - +1 chain mail
rPois   .          Reflect  .   (helmet unavailable)
rElec   .          Harm     .   (no cloak)
rCorr   .          Rampage  .   (no gloves)
Will    .....                   (no boots)
Stlth   ..........              (no amulet)
HPRegen 0.12/turn               (no ring)
MPRegen 0.10/turn               (no ring)

@: no status effects
A: permanent stasis, dig shafts and tunnels, antennae 3, four strong arms
a: Dig, Shaft Self, Renounce Religion, Depart the Abyss, Bend Space


You were on level 6 of the Dungeon.
You worshipped Lugonu.
Lugonu was pleased with you.
You visited 1 branch of the dungeon, and saw 4 of its levels.
You visited the Abyss 1 time.

You collected 150 gold pieces.

Inventory:

Hand Weapons
 h - a +2 falchion of holy wrath (weapon)
Armour
 f - a +1 chain mail (worn)
Scrolls
 b - 2 scrolls of immolation
 d - 2 scrolls of identify
 i - 2 scrolls of teleportation
 j - a scroll of brand weapon {unknown}
 k - 3 scrolls of fear {unknown}
 n - a scroll of holy word {unknown}
Potions
 c - a potion of haste {unknown}
 l - a potion of brilliance {unknown}
 m - a potion of might {unknown}


   Skills:
 + Level 3.9 Fighting
 + Level 0.7 Long Blades
 + Level 2.4 Axes
 + Level 2.9 Armour
 + Level 1.1 Dodging
 + Level 0.3 Stealth
 + Level 2.7 Invocations


You had 3 spell levels left.
You didn't know any spells.
Your spell library was empty.

Dungeon Overview and Level Annotations

Branches:
Dungeon (3/15)

Altars:

Shops:
D:2 (


Innate Abilities, Weirdness & Mutations

You cannot be hasted, slowed, berserked, paralysed or teleported.
You can dig through walls and to a lower floor.
You have a pair of large antennae on your head. (SInv)
Your four strong arms can wield two-handed weapons with a shield.


Message History

You begin to dig a shaft.
You continue digging a shaft.
The quokka bites you but does no damage.
The ball python bites you but does no damage.
The ball python constricts you. The scorpion barely misses you.
The quokka bites you but does no damage.
A shaft appears beneath you!
You fall into a shaft and drop 3 floors!
The shaft crumbles and collapses.
The ball python loses its grip on you.
You start resting.
You hear a distant slurping noise.
A jelly comes into view.
The jelly quivers.
An ice beast comes into view.
As you read the scroll labelled YMEFFY LALIACI, it crumbles to dust.
It is a scroll of identify.
b - 2 scrolls of immolation
As you read the scroll labelled HAAS WUXKAE, it crumbles to dust.
It is a scroll of enchant armour.
Your +0 chain mail glows green for a moment.
As you read the scroll labelled KICZUN SEELOOLECIR, it crumbles to dust.
You feel a strange sense of stasis.
It was a scroll of teleportation.
The jelly barely misses you. The jelly hits you but does no damage.
The jelly hits you but does no damage.
You hit the jelly.
Your hands burn!
The jelly is moderately wounded.
The jelly hits you but does no damage.
The ice beast hits you but does no damage.
You barely miss the jelly.
The jelly is moderately wounded.
The jelly hits you but does no damage. The ice beast hits you.
The ice beast freezes you!
* * * LOW HITPOINT WARNING * * *
You slash the jelly!
Your hands burn!
* * * LOW HITPOINT WARNING * * *
The jelly is almost dead.
The jelly hits you.
* * * LOW HITPOINT WARNING * * *
You are splashed with acid!
You die...

###########
#@Y........
#J###......
#.# .....
#.# ....
#.# ... #.#
## ..# ..#
...+


You could see an ice beast and a jelly.

Vanquished Creatures
  A worm (D:2)
  2 dart slugs
  4 bats
  3 endoplasms
  5 goblins
  6 hobgoblins
  6 jackals
  5 quokkas
  2 ball pythons
  5 frilled lizards
  3 kobolds
  4 rats
46 creatures vanquished.

Notes
Turn   | Place    | Note
-------+----------+-------------------------------------------
     0 | Abyss:1  | cbfl8 the Formicid Abyssal Knight began the quest for the
                  | Orb.
     0 | Abyss:1  | Reached XP level 1. HP: 18/18 MP: 2/2
    82 | Abyss:1  | Found a corrupted altar of Lugonu.
    85 | Abyss:1  | Noticed a large abomination
    87 | D:1      | Escaped the Abyss
   257 | D:1      | Reached skill level 1 in Dodging
   407 | D:1      | Reached XP level 2. HP: 19/24 MP: 3/3
   544 | D:1      | Found a faded altar of an unknown god.
   848 | D:1      | Reached XP level 3. HP: 24/29 MP: 4/4
  1383 | D:2      | Reached ** piety under Lugonu
  1389 | D:2      | Found Cajaesk's Weapon Shoppe.
  1624 | D:2      | Reached XP level 4. HP: 27/37 MP: 6/6
  1958 | D:3      | Noticed a scorpion
  1974 | D:3      | You fall into a shaft and drop 3 floors!
  2058 | D:6      | Noticed an ice beast
  2068 | D:6      | Splashed by a jelly's acid

Illustrated notes

Levels and vault maps discovered:
D:1:      lightli_arrival_noodles, layout_rooms,
          dreamdust_ecumenical_altar_angels_and_demons, minivault_5
D:2:      minmay_evil_eye, layout_loops_ring, serial_shops, shop_fountains,
          minmay_misc_feat_rows
D:3:      layout_rooms, serial_forest, infiniplex_forest_straight_1,
          infiniplex_forest_straight_1, infiniplex_forest_lined_3,
          infiniplex_forest_fountain, infiniplex_forest_clump_C,
          infiniplex_forest_zigzag_2, infiniplex_forest_straight_2, uniq_grinder
D:6:      layout_basic

Skill      XL: |  1 |
---------------+----+-----
Dodging        | 1 |  1.1
Fighting       | |  3.9
Long Blades    | |  0.7
Axes           | |  2.4
Armour         | |  2.9
Stealth        | |  0.3
Invocations    | |  2.7

Action                   |  1- 3 |  4- 6 || total
-------------------------+-------+-------++-------
Melee: Hand axe          |    46 |       ||    46
       Punch             |     2 |       ||     2
       Falchion          |    51 |    27 ||    78
 Abil: Shaft Self        |       |     1 ||     1
  Use: Scroll            |       |     3 ||     3
       Potion            |       |     2 ||     2
Armor: Leather armour    |     7 |       ||     7
       Chain mail        |    47 |    37 ||    84
Dodge: Dodged            |    54 |    14 ||    68
